 Dungeon Crawl Stone Soup version 0.29.1-15-g9cfb28693d (webtiles) character file.

Game seed: 6585340696832529626

9 Gabide the Sneak (level 2, -3/14 HPs)
             Began as a Felid Delver on Mar 3, 2023.
             Was an Initiate of Ashenzari.
             Slain by a hound (4 damage)
             ... on level 5 of the Dungeon.
             The game lasted 00:01:25 (166 turns).

Gabide the Sneak (Felid Delver)                      Turns: 166, Time: 00:01:26

Health: -3/14      AC:  1    Str:  8    XL:     2   Next: 3%
Magic:  3/3        EV: 17    Int: 11    God:    Ashenzari [......]
Gold:   39         SH:  0    Dex: 17    Spells: 1/1 levels left
                                        Lives:  0   Deaths: 0

rFire   . . .      SeeInvis +     - Unarmed
rCold   . . .      Faith    .   (shield unavailable)
rNeg    . . .      Spirit   .   (body armour unavailable)
rPois   .          Reflect  .   (helmet unavailable)
rElec   .          Harm     .   (cloak unavailable)
rCorr   .          Rampage  .   (gloves unavailable)
Will    .....                   (boots unavailable)
Stlth   ++++......              (no amulet)
HPRegen 0.04/turn               (no ring)
MPRegen 0.08/turn               (no ring)

@: hasted, very quick
A: very small, claws 1, fangs 3, see invisible, speed 1, shaggy fur 1, stealthy
paws, no weapons or thrown items, no armour, multi-lived
a: Renounce Religion


You were on level 5 of the Dungeon.
You worshipped Ashenzari.
Ashenzari was noncommittal.
You visited 1 branch of the dungeon, and saw 1 of its levels.

You collected 39 gold pieces.

Inventory:

Wands
 e - a wand of digging (3)
Scrolls
 a - a scroll of fog
 b - a scroll of magic mapping
 c - a scroll of fear
 h - a scroll of vulnerability {unknown}
Potions
 f - a potion of flight {unknown}
 g - a potion of might {unknown}


   Skills:
 + Level 3.1 Fighting
 + Level 2.9 Dodging
 + Level 6.7 Stealth
 * Level 2.3 Unarmed Combat


You had one spell level left.
You didn't know any spells.
Your spell library was empty.

Dungeon Overview and Level Annotations

Branches:
Dungeon (5/15)
 Temple: D:4-7

Altars:
Ashenzari

Annotations:
D:5 exclusion: iguana


Innate Abilities, Weirdness & Mutations

You have sharp claws.
You have razor-sharp teeth.
You have supernaturally acute eyesight. (SInv)
You cover ground quickly. (Speed+)
You are covered in fur. (AC +1)
Your paws help you pounce on unaware monsters.
You are incapable of wielding weapons or throwing items.
You cannot wear armour.
You gain extra lives every three experience levels.


Message History

The hound pauses to sniff the ground.
The hound misses you.
You barely miss the hound.
The hound is heavily wounded.
The hound barely misses you.
You scratch the hound.
The hound is severely wounded.
The hound bites you. x2
* * * LOW HITPOINT WARNING * * *
You closely miss the hound. Your bite misses the hound.
The hound is severely wounded.
The hound barely misses you.
You miss the hound.
The hound is heavily wounded.
The hound bites you.
* * * LOW HITPOINT WARNING * * *
The hound misses you.
You feel yourself speed up. The hound barely misses you.
You completely miss the hound.
The hound is heavily wounded.
The hound barely misses you.
You scratch the hound. Your bite misses the hound.
The hound is severely wounded.
The hound closely misses you.
You scratch the hound but do no damage.
The hound is severely wounded.
The hound barely misses you.
You scratch the hound but do no damage.
The hound is severely wounded.
The hound completely misses you.
You barely miss the hound.
The hound is severely wounded.
The hound misses you.
You miss the hound.
The hound is severely wounded.
The hound completely misses you.
You scratch the hound. Your bite misses the hound.
The hound is almost dead.
The hound bites you.
You die...

#########
#.......# #######
#.......#
#.....####.......#
#.###............#
#@# ######.......#
#h# #...†.... #.#
#.......# #.#
#####...' #.#
#.#.# #.#### #.#..
#....# #<##.
####.# #.### #.#
..##.


You could see a hound.

Vanquished Creatures
  An adder (D:5)
1 creature vanquished.

Notes
Turn   | Place    | Note
-------+----------+-------------------------------------------
     0 | D:5      | Gabide the Felid Delver began the quest for the Orb.
     0 | D:5      | Reached XP level 1. HP: 10/10 MP: 2/2
    56 | D:5      | Noticed an iguana
    90 | D:5      | Found a broken altar of Ashenzari.
    98 | D:5      | Became a worshipper of Ashenzari the Shackled
   110 | D:5      | Reached XP level 2. HP: 14/14 MP: 3/3
   166 | D:5      | Slain by a hound

Illustrated notes

Levels and vault maps discovered:
D:5:      layout_loops_cross, mainiacjoe_overflow_surrounded_room, serial_shops,
          nicolae_shop_statue_plus, amcnicky_mini_rare_corridor_liquid

Action                   || total
-------------------------++-------
Melee: Unarmed           ||    15
       Bite              ||     1
  Use: Potion            ||     1
 Stab: Sleeping          ||     1
Dodge: Dodged            ||    14
